cohdb
Replays
Latest Replays
All Replays
Popular Replays
Top Player Replays
Match Explorer
How It Works
Community
CoH3 Stats
Reddit
Sign in to upload your games and track your stats! →
Sign in with Steam
Match 28269138
Unlisted
Match 28269138
Overview
Messages
Build Orders
End
Construct Barracks
Engineer Squad
1⁄4-ton 4x4 Truck
Selects Armored Battlegroup
Selects Veteran Crews
Riflemen Squad
Infantry Support Center
M1 Mortar Team
Riflemen Squad
Construct Motor Pool
Selects Field Repairs
M8 Greyhound Armored Car
M1 Anti-tank Gun Team
M8 Greyhound Armored Car
M1918 Browning Automatic Rifles
^3
GemesBong
0
0
Comments
sign in to comment!
No comments posted yet!